 Dungeon Crawl Stone Soup version 0.28.0-53-g5a82cb258f (webtiles) character file.

Game seed: 6687867801915439771

12 DildoBatman the Conjurer (level 2, -1/20 HPs)
             Began as a Formicid Conjurer on July 12, 2022.
             Slain by a hobgoblin
             ... wielding a +0 short sword
              (8 damage)
             ... on level 1 of the Dungeon.
             The game lasted 00:01:08 (448 turns).

DildoBatman the Conjurer (Formicid Conjurer)         Turns: 448, Time: 00:01:09

Health: -1/20      AC:  2    Str: 11    XL:     2   Next: 45%
Magic:  3/5        EV: 12    Int: 17    God:
Gold:   0          SH:  0    Dex:  9    Spells: 2/5 levels left

rFire   . . .      SeeInvis +   b - +0 dagger
rCold   . . .      Faith    .   (no shield)
rNeg    . . .      Spirit   .   a - +0 robe
rPois   .          Reflect  .   (helmet unavailable)
rElec   .          Harm     .   (no cloak)
rCorr   .          Rampage  .   (no gloves)
Will    .....                   (no boots)
Stlth   ++........              (no amulet)
HPRegen 0.06/turn               (no ring)
MPRegen 0.09/turn               (no ring)

@: no status effects
A: permanent stasis, dig shafts and tunnels, antennae 3, four strong arms
a: Dig, Shaft Self


You were on level 1 of the Dungeon.
You visited 1 branch of the dungeon, and saw 1 of its levels.

Inventory:

Hand Weapons
 b - a +0 dagger (weapon)
Missiles
 c - 18 stones
Armour
 a - a +0 robe (worn)


   Skills:
 * Level 0.6 Fighting
 * Level 0.7 Armour
 - Level 2.0 Dodging
 - Level 2.4 Stealth
 * Level 2.4 Spellcasting
 * Level 3.7 Conjurations


You had 2 spell levels left.
You knew the following spells:

 Your Spells              Type           Power      Damage    Failure   Level
a - Searing Ray           Conj           28%        2d5       6%          2
c - Magic Dart            Conj           56%        1d5       4%          1

Your spell library contained the following spells:

 Spells                   Type           Power      Damage    Failure   Level
 Dazzling Flash           Conj/Hex       16%        N/A       26%         3
 Fulminant Prism          Conj/Hex       4%         3d6       65%         4
 Iskenderun's Mystic Bla  Conj/Tloc      8%         2d4       65%         4


Dungeon Overview and Level Annotations

Branches:
Dungeon (1/15)

Altars:


Innate Abilities, Weirdness & Mutations

You cannot be hasted, slowed, berserked, paralysed or teleported.
You can dig through walls and to a lower floor.
You have a pair of large antennae on your head. (SInv)
Your four strong arms can wield two-handed weapons with a shield.


Message History

(Press . to maintain the ray.)
A ball python comes into view.
Training target 2.0 for Dodging reached!
Your Dodging skill increases to level 2!
You closely miss the ball python. The ball python barely misses you.
The ball python misses you.
You barely miss the ball python. The ball python bites you.
The ball python grabs you. The ball python constricts you.
The ball python bites you. The ball python constricts you.
You hit the ball python.
The ball python is severely wounded.
The ball python barely misses you. The ball python constricts you.
You hit the ball python but do no damage.
The ball python is severely wounded.
The ball python bites you. The ball python constricts you.
You hit the ball python but do no damage.
The ball python is severely wounded.
The ball python barely misses you. The ball python constricts you.
A hobgoblin comes into view. It is wielding a +0 short sword.
Casting: Searing Ray (safe; 6% risk of failure)
Confirm with . or Enter, or press ? or * to list all spells.
Aiming: Magic Dart (safe; 4% risk of failure)
Press: ? - help, Shift-Dir - straight line, f - ball python
Aim: a ball python (severely wounded, constricting you, 100% to hit)
The magic dart hits the ball python.
You kill the ball python!
The hobgoblin shouts!
The hobgoblin hits you with a +0 short sword!
You closely miss the hobgoblin.
The hobgoblin drinks a potion.
The hobgoblin seems to speed up.
The hobgoblin hits you with a +0 short sword!
You die...

#..### ##.# #....# #...
##.#.# #... . #.#.#
#.S# . ##.#.#####..# .#
#..#.......)# .#
#.####.## #.## #.#
##.###...###..####..#
#..........##.†@g..# #
#[.###...#.######.## .#
#..####.#...####...##.#
#.................[...#
#..####...#..###....###
##........###......#.#
...........#..######.#
##..######...## #.#
#..# ##.## #.#


You could see a hobgoblin (fast).

Vanquished Creatures
  An endoplasm (D:1)
  A giant cockroach (D:1)
  3 goblins (D:1)
  2 ball pythons (D:1)
  2 bats (D:1)
  3 rats (D:1)
12 creatures vanquished.

Notes
Turn   | Place    | Note
-------+----------+-------------------------------------------
     0 | D:1      | DildoBatman the Formicid Conjurer began the quest for the
                  | Orb.
     0 | D:1      | Reached XP level 1. HP: 13/13 MP: 3/3
   259 | D:1      | Reached XP level 2. HP: 14/20 MP: 5/5
   262 | D:1      | Learned a level 2 spell: Searing Ray
   448 | D:1      | Slain by a hobgoblin

Illustrated notes

Levels and vault maps discovered:
D:1:      minmay_arrival_split_and_join, layout_loops_ring,
          minmay_close_crescents

Skill      XL: |  1  2 |
---------------+-------+-----
Dodging        | 2 |  2.0
Fighting       | |  0.6
Armour         | |  0.7
Stealth        | |  2.4
Spellcasting   | |  2.4
Conjurations   | |  3.7

Action                   || total
-------------------------++-------
Melee: Unarmed           ||    26
       Dagger            ||    13
 Cast: Magic Dart        ||    12
       Searing Ray       ||     1
 Stab: Sleeping          ||     1
Armor: Robe              ||    13
Dodge: Dodged            ||    45
